 Dungeon Crawl Stone Soup version 0.23.2 (webtiles) character file.

Game seed: 14365942376858681683

178 gohu the Skirmisher (level 5, -4/43 HPs)
             Began as a Demonspawn Fighter on Mar 31, 2019.
             Was an Initiate of Okawaru.
             Killed from afar by an orc wizard (10 damage)
             ... with a puff of flame
             ... on level 4 of the Dungeon.
             The game lasted 00:07:13 (3022 turns).

gohu the Skirmisher (Demonspawn Fighter)            Turns: 3022, Time: 00:07:13

Health: -4/43      AC: 13    Str: 18    XL:     5   Next: 32%
Magic:  6/6        EV:  7    Int:  9    God:    Okawaru [......]
Gold:   137        SH:  0    Dex: 12    Spells: 4/4 levels left

rFire    . . .     SeeInvis .   a - +0 flail
rCold    . . .     Gourm    .   c - +0 shield
rNeg     . . .     Faith    .   b - +0 scale mail
rPois    .         Spirit   .   e - +0 hat
rElec    .         Reflect  .   p - scarf {cloud immunity}
rCorr    .         Harm     .   s - +0 pair of gloves (curse)
MR       .....                  (no boots)
Stlth    ..........             (no amulet)
HPRegen  0.14/turn              (no ring)
MPRegen  0.10/turn              (no ring)

@: confused, sanguine armour
A: nightstalker 1, sanguine armour 1
a: Renounce Religion


You were on level 4 of the Dungeon.
You worshipped Okawaru.
Okawaru was noncommittal.
You were not hungry.

You visited 1 branch of the dungeon, and saw 4 of its levels.

You collected 137 gold pieces.

Inventory:

Hand Weapons
 a - a +0 flail (weapon)
Missiles
 k - 2 throwing nets (quivered)
Armour
 b - a +0 scale mail (worn)
 c - a +0 shield (worn)
 e - a +0 hat (worn)
 p - a scarf of cloud immunity (worn)
 s - a cursed +0 pair of gloves (worn)
Wands
 r - a wand of acid (8)
Scrolls
 d - a scroll of random uselessness {unknown}
 g - 2 scrolls of enchant weapon {unknown}
 i - a scroll of enchant armour {unknown}
 m - 3 scrolls of identify {unknown}
 o - 2 scrolls of immolation {unknown}
 t - a scroll of remove curse {unknown}
Potions
 h - a potion of cancellation {unknown}
 j - a potion of ambrosia {unknown}
 l - 2 potions of agility {unknown}
 q - a potion of invisibility {unknown}
Comestibles
 f - 4 rations


   Skills:
 + Level 4.5 Fighting
 + Level 3.5 Maces & Flails
 + Level 2.6 Armour
 + Level 2.7 Shields
 + Level 2.3 Invocations


You had 4 spell levels left.
You didn't know any spells.
Your spell library was empty.

Dungeon Overview and Level Annotations

Branches:
Dungeon (4/15)
 Temple: D:4-7

Altars:
Okawaru

Annotations:
D:4 Pikel


Innate Abilities, Weirdness & Mutations

You are slightly more attuned to the shadows.
When seriously injured, your bleeding wounds create armour. (AC +6)


Message History

The giant cockroach barely misses you.
The leopard gecko bites you but does no damage.
The orc wizard barely misses you.
Okay, then.
You miss the orc.
The giant cockroach bites you but does no damage.
The leopard gecko bites you but does no damage.
The orc barely misses you.
The leopard gecko skeleton bites you but does no damage.
The orc wizard mumbles some strange words.
The orc wizard flickers and vanishes!
Deactivating autopickup; reactivate with Ctrl-A.
The worm barely misses you.
The giant cockroach bites you but does no damage.
The leopard gecko bites you but does no damage.
The orc hits you but does no damage.
You hear some strange, mumbled words.
A puff of flame appears from out of thin air!
The puff of flame hits you!
You die...

#. #. . ###
##. .# ####..
.. .#
......####.#.#
......l@w#..#
......{Zs..#
......o..#..#
......####Z#.#
.....% .. .#
...... .#. .#
...#.. ..#. .
...+.. .# #.
.. #..


You could see a worm, an orc, a leopard gecko, a giant cockroach and a leopard
gecko skeleton.

Vanquished Creatures
  An orc wizard (D:3)
  Terence (D:2)
  Robin (D:3)
  2 adders
  2 oozes
  An adder skeleton (D:2)
  2 worms
  A dart slug (D:1)
  2 leopard geckos
  3 orcs (D:3)
  3 giant cockroaches
  17 goblins
  9 hobgoblins
  A jackal (D:1)
  4 bats
  2 frilled lizards
  14 kobolds
  8 rats
74 creatures vanquished.

Notes
Turn   | Place    | Note
-------+----------+-------------------------------------------
     0 | D:1      | gohu the Demonspawn Fighter began the quest for the Orb.
     0 | D:1      | Reached XP level 1. HP: 18/18 MP: 1/1
   355 | D:1      | Gained mutation: You are slightly more attuned to the
                  | shadows. [demonic ancestry]
   355 | D:1      | Reached XP level 2. HP: 18/24 MP: 2/2
   722 | D:1      | Reached XP level 3. HP: 29/29 MP: 3/3
   943 | D:2      | Noticed Terence
   957 | D:2      | Killed Terence
  1215 | D:2      | Reached skill level 4 in Fighting
  1222 | D:2      | Found an iron altar of Okawaru.
  1227 | D:2      | Became a worshipper of Warmaster Okawaru
  1414 | D:2      | Reached XP level 4. HP: 37/37 MP: 4/4
  1706 | D:2      | Reached skill level 1 in Invocations
  2352 | D:3      | Gained mutation: When seriously injured, your bleeding
                  | wounds create armour. (AC +6) [demonic ancestry]
  2352 | D:3      | Reached XP level 5. HP: 12/43 MP: 6/6
  2685 | D:3      | Noticed Robin
  2700 | D:3      | Killed Robin
  2943 | D:4      | Noticed Pikel
  2943 | D:4      | Noticed a slave
  2944 | D:4      | Noticed a slave
  2945 | D:4      | Noticed a slave
  2945 | D:4      | Noticed a slave
  3022 | D:4      | Killed from afar by an orc wizard

Skill      XL: |  1  2  3  4 |
---------------+-------------+-----
Maces & Flails | 2 3 |  3.5
Fighting       | 4 |  4.5
Invocations    | 2 |  2.3
Armour         | |  2.6
Shields        | |  2.7

Action                   |  1- 3 |  4- 6 || total
-------------------------+-------+-------++-------
Melee: Flail             |   115 |   157 ||   272
  Use: Potion            |     1 |     1 ||     2
  Eat: Chunk             |     1 |     6 ||     7
Armor: Scale mail        |    56 |   104 ||   160
Dodge: Dodged            |    29 |    61 ||    90
Block: Shield            |    66 |    68 ||   134
